 Dungeon Crawl Stone Soup version 0.31-a0-152-g6aa68a64a1 (webtiles) character file.

Game seed: 8932946319871982273

124 qw the Shooter (level 4, -1/38 HPs)
             Began as a Minotaur Hunter on June 9, 2023.
             Slain by an orc priest
             ... wielding a +0 whip
              (2 damage)
             ... while paralysed by Ijyb
             ... on level 3 of the Dungeon.
             The game lasted 00:00:37 (1606 turns).

qw the Shooter (Minotaur Hunter)                    Turns: 1606, Time: 00:00:37

Health: -1/38      AC:  6    Str: 15    XL:     4   Next: 81%
Magic:  3/3        EV:  2    Int:  6    God:
Gold:   190        SH:  0    Dex: 16    Spells: 3/3 levels left

rFire   . . .        Y - +1 shortbow
rCold   . . .        (shield currently unavailable)
rNeg    . . .        d - +0 ring mail
rPois   .            (helmet restricted)
rElec   .            b - +0 cloak
rCorr   .            (no gloves)
SInv    .            (no boots)
Will    .....        (no amulet)
Stlth   +            (no ring)
HPRegen 0.26/turn    (no ring)
MPRegen 0.08/turn

%: no passive effects
@: paralysed
A: horns 2, retaliatory headbutt
a: no special abilities


You were on level 3 of the Dungeon.
You visited 1 branch of the dungeon, and saw 3 of its levels.

You collected 190 gold pieces.


Innate Abilities, Weirdness & Mutations

You have a pair of horns on your head.
You reflexively headbutt those who attack you in melee.


   Skills:
 + Level 3.4 Fighting
 - Level 6.2 Ranged Weapons
 - Level 1.3 Armour
 - Level 2.1 Dodging
 - Level 0.7 Stealth


You had 3 spell levels left.
You didn't know any spells.
Your spell library was empty.

Inventory:

Hand Weapons
 Y - a +1 shortbow (weapon)
Armour
 b - a +0 cloak (worn)
 d - a +0 ring mail (worn)
Potions
 a - a potion of might {unknown}
 c - a potion of curing
 e - a potion of attraction {unknown}
 f - a potion of brilliance {unknown}

Dungeon Overview and Level Annotations

Branches:
Dungeon (3/15)

Altars:
Xom

Annotations:
D:3 Ijyb, Sigmund


Message History

Deactivating autopickup; reactivate with Ctrl-A.
You shoot an arrow. The arrow closely misses Ijyb.
Ijyb hits you with a +0 dagger.
The orc priest looks braver for a moment.
You shoot an arrow. The arrow hits Ijyb but does no damage.
You are confused.
1600 ||| DRINKING 2 potions of curing.
You feel better.
1600 ||| (to cure confusion)
The orc priest completely misses you.
Ijyb zaps a wand.
You resist with some effort. The goblin barely misses you.
You shoot an arrow.
The arrow closely misses the orc priest.
Ijyb closely misses you.
The orc priest invokes the aid of Beogh against you.
Beogh smites you! The goblin hits you but does no damage.
You shoot an arrow. The arrow hits the orc priest.
The orc priest is moderately wounded.
The orc priest hits you with a +0 whip. Ijyb screams, "Me kill you!"
Ijyb hits you with a +0 dagger. Something hits you but does no damage.
The goblin hits you with a +0 club. Ijyb hits you with a +0 dagger.
The orc priest hits you with a +0 whip. The goblin misses you.
You shoot an arrow.
The arrow hits the orc priest but does no damage.
The orc priest is moderately wounded.
Something barely misses you.
The orc priest hits you but does no damage.
Ijyb screams, "I dance on your bones!"
Ijyb zaps a wand.
You resist with some effort. The goblin misses you. You furiously retaliate!
You headbutt the goblin!
You kill the goblin!
You shoot an arrow. The arrow hits the orc priest.
The orc priest is heavily wounded.
Ijyb zaps a wand.
You suddenly lose the ability to move!
The orc priest hits you but does no damage.
Something hits you! The orc priest hits you with a +0 whip.
Ijyb hits you with a +0 dagger. Something hits you.
Ijyb hits you but does no damage. The orc priest hits you with a +0 whip.
You die...

#....# #.####
#.# # #.# #.
#.# ..
#######.# .7.7.
#.......#
.._...#g#######
7.{)@#
.....##o# ####
... .....
##...## ##.##
#.# ...


You could see Ijyb and an orc priest.

Vanquished Creatures
  An orc priest (D:3)
  A gnoll (D:1)
  3 adders
  2 orcs (D:3)
  5 ball pythons
  7 endoplasms
  5 giant cockroaches
  5 goblins
  4 hobgoblins
  3 kobolds (D:1)
  7 bats
  2 frilled lizards (D:2)
  6 rats
51 creatures vanquished.

Notes
Turn   | Place    | Note
-------+----------+-------------------------------------------
     0 | D:1      | qw the Minotaur Hunter began the quest for the Orb.
     0 | D:1      | Reached XP level 1. HP: 18/18 MP: 0/0
     0 | D:1      | 0 ||| qw: Version: 0.2-a-122-g1db1318
     0 | D:1      | 0 ||| qw: Game counter: 3248
     0 | D:1      | 0 ||| qw: Always use a shield: true
     0 | D:1      | 0 ||| qw: God list: Okawaru
     0 | D:1      | 0 ||| qw: Allow faded altars: false
     0 | D:1      | 0 ||| qw: Do Orc after D:15 true
     0 | D:1      | 0 ||| qw: Do second Lair branch before Depths: true
     0 | D:1      | 0 ||| qw: Lair rune preference: random
     0 | D:1      | 0 ||| qw: Plans: Normal
     0 | D:1      | 0 ||| PLANNING D:1-11
   128 | D:1      | Reached XP level 2. HP: 17/25 MP: 1/1
   176 | D:1      | Reached skill level 5 in Ranged Weapons
   302 | D:1      | Reached skill level 3 in Fighting
   306 | D:1      | Reached XP level 3. HP: 31/31 MP: 2/2
   661 | D:1      | 661 ||| UPGRADING to +0 ring mail.
   671 | D:1      | 671 ||| DROPPING +0 leather armour.
   672 | D:1      | 672 ||| READING scroll labelled BAJAOV PORIO.
   673 | D:1      | 673 ||| DROPPING scroll of butterflies.
   704 | D:2      | 704 ||| STAIRDANCE
   709 | D:1      | Reached skill level 1 in Armour
  1034 | D:2      | Reached XP level 4. HP: 38/38 MP: 3/3
  1343 | D:2      | 1343 ||| UPGRADING to +0 cloak.
  1348 | D:2      | 1348 ||| DROPPING ring of wizardry.
  1349 | D:2      | 1349 ||| READING scroll labelled DIYMA NIEHUU.
  1350 | D:2      | 1350 ||| READING scroll labelled YQO YSHRAEXT.
  1351 | D:2      | 1351 ||| DRINKING 2 murky brown potions.
  1402 | D:3      | Found a shimmering altar of Xom.
  1480 | D:3      | Reached skill level 6 in Ranged Weapons
  1480 | D:3      | 1480 ||| FLEEEEING.
  1481 | D:3      | 1481 ||| FLEEEEING.
  1595 | D:3      | Found a faded altar of an unknown god.
  1595 | D:3      | Noticed Ijyb
  1596 | D:3      | Noticed Sigmund
  1600 | D:3      | 1600 ||| DRINKING 2 potions of curing.
  1600 | D:3      | 1600 ||| (to cure confusion)
  1604 | D:3      | Paralysed by Ijyb for 4 turns
  1604 | D:3      | HP: 6/38 [something (9)]
  1605 | D:3      | HP: 1/38 [Ijyb/+0 dagger (4)]
  1606 | D:3      | Slain by an orc priest

Levels and vault maps discovered:
D:1:      heliophobic_arrival_enchanted_forest, layout_basic,
          kennysheep_another_room, minmay_fountain_box
D:2:      layout_loops_cross
D:3:      layout_loops_ring, amcnicky_altar_gilded, nicolae_overflow_squiral,
          chequers_ecumenical_altar_simple, uniq_pargi, uniq_sigmund, uniq_ijyb

Skill      XL: |  1  2  3  4 |
---------------+-------------+-----
Ranged Weapons | 5 6 |  6.2
Fighting       | 3 |  3.4
Armour         | 1 |  1.3
Dodging        | |  2.1
Stealth        | |  0.7

Action                     |  1- 3 |  4- 6 || total
---------------------------+-------+-------++-------
   Fire: Shortbow          |   104 |    38 ||   142
    Use: Scroll            |     1 |     2 ||     3
         Potion            |       |     2 ||     2
 Armour: Leather armour    |     4 |       ||     4
         Ring mail         |    24 |    12 ||    36
  Dodge: Dodged            |    38 |    16 ||    54

Table legend:
 A = Non-vault XP
 B = Vault XP
 C = Vault XP percentage of total XP
 D = Non-vault monster count
 E = Vault monster count
 F = Vault count percentage of total count
                 A         B        C        D         E       F
            +---------+---------+-------+---------+---------+-------
      Total |     178 |       0 |   0.0 |      51 |       0 |   0.0
            +---------+---------+-------+---------+---------+-------
        D:1 |      61 |       0 |   0.0 |      22 |       0 |   0.0
        D:2 |      61 |       0 |   0.0 |      23 |       0 |   0.0
        D:3 |      56 |       0 |   0.0 |       6 |       0 |   0.0
            +---------+---------+-------+---------+---------+-------
